 Dungeon Crawl Stone Soup version bcrawl-1.13.2 (webtiles) character file.

Game seed: 3528233811093979055

186 Revguard the Chopper (level 5, -3/32 HPs)
             Began as a Vine Stalker Berserker on Aug 9, 2019.
             Was a Believer of Trog.
             Slain by an ogre
             ... wielding a +0 giant club
              (16 damage)
             ... on level 3 of the Dungeon.
             The game lasted 00:05:27 (1672 turns).

Revguard the Chopper (Vine Stalker Berserker)       Turns: 1672, Time: 00:05:28

Health: -3/32      AC:  7    Str: 25    XL:     5   Next: 65%
Magic:  6/6        EV: 12    Int:  7    God:    Trog [**....]
Gold:   187        SH:  0    Dex: 15    Spells: 4/4 levels left

rFire    + . .     SeeInvis .   a - +0 hand axe
rCold    . . .     Gourm    .   (no shield)
rNeg     . . .     Faith    .   p - +1 scale mail
rPois    .         Spirit   .   (no helmet)
rElec    .         Reflect  .   (no cloak)
rCorr    .         Harm     .   (no gloves)
MR       .....                  (no boots)
Stlth    ..........             (no amulet)
HPRegen  0.50/turn              h - +4 ring of strength
MPRegen  0.10/turn              (no ring)

@: berserk cooldown, slowed, very slow
A: fangs 2, agile 1, fire resistance 1, regeneration 1, no potion heal 3, rot
immunity, strong jaws
a: Berserk, Trog's Hand, Renounce Religion


You were on level 3 of the Dungeon.
You worshipped Trog.
Trog was pleased with you.
You were very hungry.

You visited 1 branch of the dungeon, and saw 3 of its levels.

You collected 187 gold pieces.

Inventory:

Hand Weapons
 a - a +0 hand axe (weapon)
Armour
 p - a +1 scale mail (worn)
Jewellery
 h - a +4 ring of strength (left hand)
Scrolls
 d - a scroll of magic mapping {unknown}
 e - a scroll of identify
 g - a scroll of fear
 i - a scroll of noise
 n - a scroll of enchant weapon
Potions
 f - a potion of resistance
 j - a potion of berserk rage
 k - a potion of agility
 m - a potion of mutation
Comestibles
 b - 9 chunks of flesh
 c - 3 rations {!d}


   Skills:
 + Level 3.5 Fighting
 + Level 4.4 Axes
 + Level 1.9 Armour
 + Level 3.0 Dodging


You had 4 spell levels left.
You didn't know any spells.
Your spell library was empty.

Dungeon Overview and Level Annotations

Branches:
Dungeon (3/12)

Altars:
Ashenzari
Nemelex Xobeh


Innate Abilities, Weirdness & Mutations

You have extremely sharp teeth.
Your natural rate of healing is unusually fast.
Potions cannot restore your health.
You are immune to rotting.
Your bites deal extra damage.
You are agile. (Dex +2)
Your flesh is heat resistant. (rF+)


Message History

Trog accepts your kill.
You completely miss the ogre.
Your skin stops crawling.
You feel less resistant to hostile enchantments.
The ogre closely misses you. The ogre misses you.
You slash the ogre!
The ogre is moderately wounded.
A bat comes into view.
The ogre hits you with a +0 giant club! The bat misses you.
Things that are here:
a +0 dagger; a cursed -2 ring of evasion; an orc corpse You hit the ogre.
The ogre is heavily wounded.
You hit the bat.
You kill the bat!
Trog accepts your kill. The ogre hits you with a +0 giant club!
Ouch! That really hurt!
You die...

#.#.# ... ####.#.#
#.# .....#.# #.# .#
# ######÷##### #.#
#.# .# #.......# #.#
#.###.## #.......#
#.###......
#.......###....!...#
#.........'........#
#.......###..@†....#
#.....### ###)O....#
#...### ##<....#
###.# #.....# #.
#..)..# #####....>
.#### #


You could see an ogre.

Vanquished Creatures
  2 orc priests (D:3)
  4 gnolls (D:3)
  An adder (D:3)
  2 oozes
  A worm (D:2)
  5 leopard geckos
  10 orcs
  2 giant cockroaches (D:1)
  5 goblins
  A hobgoblin (D:2)
  3 jackals (D:3)
  3 quokkas
  5 bats
  A frilled lizard (D:2)
  6 kobolds
  7 rats
58 creatures vanquished.

Notes
Turn   | Place    | Note
-------+----------+-------------------------------------------
     0 | D:1      | Revguard the Vine Stalker Berserker began the quest for the
                  | Orb.
     0 | D:1      | Reached XP level 1. HP: 13/13 MP: 2/2
    47 | D:1      | Reached XP level 2. HP: 18/18 MP: 3/3
   268 | D:1      | Reached skill level 3 in Axes
   707 | D:1      | Gained mutation: You are agile. (Dex +2) [potion of
                  | mutation]
   707 | D:1      | Gained mutation: Your flesh is heat resistant. (rF+)
                  | [potion of mutation]
   796 | D:2      | Found a shattered altar of Ashenzari.
   921 | D:2      | Reached XP level 3. HP: 19/23 MP: 4/4
   982 | D:2      | Reached ** piety under Trog
  1034 | D:2      | Found a faded altar of an unknown god.
  1100 | D:2      | Found a sparkling altar of Nemelex Xobeh.
  1344 | D:3      | Reached XP level 4. HP: 28/28 MP: 5/5
  1346 | D:3      | Reached skill level 4 in Axes
  1346 | D:3      | Reached XP level 5. HP: 32/32 MP: 6/6
  1659 | D:3      | Noticed an ogre
  1672 | D:3      | Slain by an ogre

Skill      XL: |  1  2  3  4  5 |
---------------+----------------+-----
Axes           | 3 4 |  4.4
Fighting       | 3 |  3.5
Dodging        | 3 |  3.0
Armour         | |  1.9

Action                   |  1- 3 |  4- 6 || total
-------------------------+-------+-------++-------
Melee: Hand axe          |    76 |    46 ||   122
       Bite              |     5 |     3 ||     8
Invok: Berserk           |     2 |     2 ||     4
       Trog's Hand       |       |     1 ||     1
  Use: Potion            |     5 |       ||     5
       Scroll            |       |     7 ||     7
 Stab: Sleeping          |     2 |       ||     2
  Eat: Chunk             |     2 |     3 ||     5
Armor: Animal skin       |    13 |       ||    13
       Leather armour    |     9 |       ||     9
       Scale mail        |       |    26 ||    26
Dodge: Dodged            |    74 |    37 ||   111
